Sasquatch vs Ice Dragons
(R1)
Created - 15 mars 2015 at 19:20
Goals
|
| Sasquatch |
1 |
0 |
2 |
3 |
| Ice Dragons |
2 |
2 |
0 |
4 |
|
Shots
|
| Sasquatch |
8 |
4 |
17 |
29 |
| Ice Dragons |
12 |
15 |
12 |
39 |
|
1st period
1. Ice Dragons , Jeff Tambellini 44 (Patrick O'Sullivan, Jonathan Blum) at 2:26 (PP)
2. Sasquatch , D.J King 43 (Jakub Voracek, Matt Frattin) at 8:04
3. Ice Dragons , Patrick O'Sullivan 15 (Joe Callahan, Jonathan Blum) at 11:17
Penalties :
Nick Leddy (Gat) for Roughing (Minor) at 2:13, Cal Clutterbuck (Kin) for Holding Stick (Minor) at 4:53
2nd period
4. Ice Dragons , Kevin Klein 7 (John Mitchell, Bryan Bickell) at 4:34 (PP)
5. Ice Dragons , Shean Donovan 23 (Marc-Antoine Pouliot, Oskar Osala) at 14:57
Penalties :
Brandon Bochenski (Gat) for High sticking (Double Minor) at 1:27, Kevin Klein (Kin) for Hooking (Minor) at 1:31, Nick Leddy (Gat) for Roughing (Double Minor) at 9:50, Jonathan Blum (Kin) for Hooking (Minor) at 10:36
3rd period
6. Sasquatch , Jakub Voracek 39 (Derek Stepan) at 14:00
7. Sasquatch , Derek Stepan 24 (Jake Gardiner, Jakub Voracek) at 15:07
Penalties :
Slava Voynov (Gat) for Holding Stick (Minor) at 1:30, Jeff Tambellini (Kin) for Interference (Minor) at 2:01, Jakub Voracek (Gat) for Roughing (Minor) at 8:50
Goalie Stats
Andrew Raycroft (Gat), 35 saves from 39 shots - (0,897), L, 4-1-0, 60:00 minutes
Justin Pogge (Kin), 26 saves from 29 shots - (0,897), W, 21-11-7, 60:00 minutes
Players Stats for Sasquatch
Player Name G A P +/- PIM S H SB GA TA FO MP PP MP PK MP
------------------------------------------------------------------------------------
Brandon Bochenski 0 0 0 -1 4 1 2 0 1 0 0/0 13:21 1:13 0:15
Cam Atkinson 0 0 0 0 0 2 2 0 0 0 0/0 11:26 0:00 0:00
D.J King 1 0 1 2 0 4 3 0 0 0 1/1 22:28 1:03 3:30
Derek Stepan 1 1 2 2 0 2 3 1 0 1 13/30 19:00 1:03 0:01
Ian Cole 0 0 0 0 0 1 1 2 0 1 0/0 14:52 0:28 1:22
Jake Gardiner 0 1 1 0 0 1 2 3 0 1 0/0 27:20 1:15 3:10
Jakub Voracek 1 2 3 2 2 3 1 0 0 0 1/2 17:35 1:17 0:00
Joe Corvo 0 0 0 0 0 2 1 3 2 2 0/0 27:32 1:15 3:10
Josh Bailey 0 0 0 0 0 2 1 0 0 0 0/0 8:49 0:00 0:00
Kevin Porter 0 0 0 0 0 0 2 0 1 0 1/1 9:47 0:00 1:16
Kyle Clifford 0 0 0 0 0 1 2 0 0 0 0/0 11:48 0:00 0:15
Mats Zuccarello 0 0 0 -1 0 4 0 0 1 0 0/0 14:10 1:13 1:16
Matt Frattin 0 1 1 0 0 1 0 0 0 0 0/0 9:11 0:00 0:49
Matt Niskanen 0 0 0 1 0 1 0 1 0 1 0/0 20:01 1:15 2:41
Nick Leddy 0 0 0 0 6 1 0 0 0 0 0/0 13:36 0:47 0:00
Slava Voynov 0 0 0 1 2 0 2 1 0 0 0/0 16:53 0:14 1:19
Stephane Da Costa 0 0 0 0 0 2 0 0 1 1 0/5 12:18 0:00 0:24
Tyler Johnson 0 0 0 -1 0 1 2 0 0 2 6/14 18:31 1:27 3:56
Players Stats for Ice Dragons
Player Name G A P +/- PIM S H SB GA TA FO MP PP MP PK MP
------------------------------------------------------------------------------------
Alexander Radulov 0 0 0 0 0 7 2 0 1 0 2/2 17:25 2:41 0:00
Alexander Urbom 0 0 0 0 0 0 0 0 0 0 0/0 2:15 1:30 0:00
Bryan Bickell 0 1 1 0 0 0 4 1 0 0 0/0 10:43 1:37 1:03
Cal Clutterbuck 0 0 0 -2 2 0 4 1 0 0 1/3 14:32 1:33 0:00
Danny Syvret 0 0 0 0 0 0 1 0 0 0 0/0 10:35 3:07 0:37
Jeff Tambellini 1 0 1 0 2 5 1 1 1 0 1/2 19:01 2:40 0:43
Joe Callahan 0 1 1 -1 0 0 3 2 1 1 0/0 23:38 2:44 1:42
John Mitchell 0 1 1 0 0 1 1 0 0 1 4/4 11:00 1:32 0:31
Jonathan Blum 0 2 2 0 2 0 1 1 0 1 0/0 26:21 2:02 0:20
Kevin Klein 1 0 1 -1 2 7 3 0 1 2 0/0 24:53 3:16 1:33
Kris Beech 0 0 0 -2 0 1 2 1 2 0 4/12 16:57 1:33 0:00
Marc-Antoine Pouliot 0 1 1 1 0 3 0 2 0 0 2/5 11:49 0:00 0:00
Nigel Dawes 0 0 0 -2 0 1 1 0 1 0 0/0 11:23 0:00 0:00
Oskar Osala 0 1 1 1 0 2 2 0 1 0 0/0 17:43 1:33 1:09
Patrick O'Sullivan 1 1 2 0 0 4 3 0 0 0 17/24 17:29 2:46 0:00
Paul Bissonnette 0 0 0 0 0 0 0 0 0 0 0/0 0:00 0:00 0:00
Raymond Sawada 0 0 0 0 0 0 0 0 0 0 0/0 0:07 0:07 0:00
Ryan Reaves 0 0 0 0 0 0 0 0 0 0 0/0 0:00 0:00 0:00
Samuel Groulx 0 0 0 0 0 0 0 0 0 0 0/0 0:00 0:00 0:00
Shean Donovan 1 0 1 1 0 4 0 0 0 0 0/1 13:11 0:00 1:16
Tomas Kudelka 0 0 0 2 0 1 0 0 0 1 0/0 14:37 0:31 0:00
Tony Lucia 0 0 0 0 0 0 0 0 0 0 0/0 0:07 0:00 0:07
Troy Brouwer 0 0 0 0 0 3 3 0 0 0 0/0 9:05 0:00 0:11
Tyler Eckford 0 0 0 -2 0 0 0 4 1 0 0/0 19:09 0:00 0:48
Tyler Haskins 0 0 0 0 0 0 0 0 0 0 0/0 0:00 0:00 0:00
3 Stars
1 - Derek Stepan (Gat)
2 - Jakub Voracek (Gat)
3 - Patrick O'Sullivan (Kin)
Power Play
Sasquatch - 0 on 4 Attempt(s) - 0,00%
Ice Dragons - 2 on 7 Attempt(s) - 28,57%
Penalty Kill
Sasquatch - 5 on 7 Attempt(s) - 71,43%
- Score 0 goal in Penalty Kill
Ice Dragons - 4 on 4 Attempt(s) - 100,00%
- Score 0 goal in Penalty Kill
Team Stat
Sasquatch - Hits : 24 - Faceoff Wins : 22 - Blocked Shots : 11 - Penalty Minutes : 14
Ice Dragons - Hits : 31 - Faceoff Wins : 31 - Blocked Shots : 13 - Penalty Minutes : 8
Official
Referees : O'Rourke Dan and Kimmerly Greg
Linesman : Pierre Racicot and Derek Nansen
Game Notes
No Game Note
Finance
Level 1 -- Attendance: 1403 (70,15%) -- Ticket Income 49 105 $
Level 2 -- Attendance: 717 (71,70%) -- Ticket Income 10 755 $
Total Attendance: 2120 (70,67%)
Total Ticket Income: 59 860 $
Other Income: 2 993 $
Total Income: 62 853 $
Sasquatch
5 vs 5 Forward
Center Left Wing Right Wing Time % Phy DF OF
1 Derek Stepan D.J King Jakub Voracek 40 1 2 2
2 Tyler Johnson Mats Zuccarello Brandon Bochenski 30 1 2 2
3 Stephane Da Costa Kyle Clifford Cam Atkinson 20 1 2 2
4 Kevin Porter Josh Bailey Matt Frattin 10 1 2 2
5 vs 5 Defense
Defense Defense Time % Phy DF OF
1 Joe Corvo Jake Gardiner 40 1 2 2
2 Matt Niskanen Slava Voynov 30 1 2 2
3 Ian Cole Nick Leddy 20 1 2 2
4 Joe Corvo Jake Gardiner 10 1 2 2
PowerPlay Forward
Center Left Wing Right Wing Time % Phy DF OF
1 Derek Stepan D.J King Jakub Voracek 60 1 2 2
2 Tyler Johnson Mats Zuccarello Brandon Bochenski 40 1 2 2
PowerPlay Defense
Defense Defense Time % Phy DF OF
1 Joe Corvo Jake Gardiner 60 1 2 2
2 Matt Niskanen Nick Leddy 40 1 2 2
Penalty Kill 4 Players Forward
Center Wing Time % Phy DF OF
1 Tyler Johnson D.J King 60 1 2 2
2 Kevin Porter Mats Zuccarello 40 1 2 2
Penalty Kill 4 Players Defense
Defense Defense Time % Phy DF OF
1 Joe Corvo Jake Gardiner 60 1 2 2
2 Matt Niskanen Ian Cole 40 1 2 2
Penalty Kill - 3 Players Forward
Forward Time % Phy DF OF
1 Tyler Johnson 60 1 2 2
2 D.J King 40 1 2 2
Penalty Kill - 3 Players Defense
Defense Defense Time % Phy DF OF
1 Joe Corvo Jake Gardiner 60 1 2 2
2 Matt Niskanen Ian Cole 40 1 2 2
4 vs 4 Forward
Center Wing Time % Phy DF OF
1 Derek Stepan D.J King 60 1 2 2
2 Tyler Johnson Jakub Voracek 40 1 2 2
4 vs 4 Defense
Defense Defense Time % Phy DF OF
1 Joe Corvo Jake Gardiner 60 1 2 2
2 Matt Niskanen Slava Voynov 40 1 2 2
Last Minutes Offensive
Center Left Wing Right Wing Defense Defense
Derek Stepan D.J King Jakub Voracek Joe Corvo Jake Gardiner
Last Minutes Defensive
Center Left Wing Right Wing Defense Defense
Tyler Johnson D.J King Jakub Voracek Joe Corvo Jake Gardiner
Goaltenders
Starting : Andrew Raycroft
Backup : Anders Lindback
Extra Forwards
Normal : Brandon Bochenski, Stephane Da Costa, Josh Bailey - PP : Kyle Clifford, Stephane Da Costa - PK : Matt Frattin
Extra Defensemen
Normal : Ian Cole, Nick Leddy, Matt Niskanen - PP : Ian Cole - PK : Nick Leddy, Matt Niskanen
Penalty Shots
Cam Atkinson, Mats Zuccarello, Brandon Bochenski, Joe Corvo, Matt Frattin
Ice Dragons
5 vs 5 Forward
Center Left Wing Right Wing Time % Phy DF OF
1 Patrick O'Sullivan Jeff Tambellini Alexander Radulov 40 0 2 3
2 Kris Beech Nigel Dawes Cal Clutterbuck 30 0 2 3
3 Marc-Antoine Pouliot Oskar Osala Shean Donovan 20 0 2 3
4 John Mitchell Troy Brouwer Bryan Bickell 10 1 3 1
5 vs 5 Defense
Defense Defense Time % Phy DF OF
1 Kevin Klein Jonathan Blum 40 0 2 3
2 Joe Callahan Tyler Eckford 30 0 2 3
3 Jonathan Blum Tomas Kudelka 20 1 3 1
4 Joe Callahan Tomas Kudelka 10 1 3 1
PowerPlay Forward
Center Left Wing Right Wing Time % Phy DF OF
1 Patrick O'Sullivan Jeff Tambellini Alexander Radulov 60 1 1 3
2 Kris Beech Oskar Osala Cal Clutterbuck 40 1 1 3
PowerPlay Defense
Defense Defense Time % Phy DF OF
1 Joe Callahan Kevin Klein 60 0 2 3
2 Danny Syvret Jonathan Blum 40 0 2 3
Penalty Kill 4 Players Forward
Center Wing Time % Phy DF OF
1 Shean Donovan Oskar Osala 60 1 4 0
2 Jeff Tambellini Cal Clutterbuck 40 1 4 0
Penalty Kill 4 Players Defense
Defense Defense Time % Phy DF OF
1 Joe Callahan Kevin Klein 60 1 4 0
2 Danny Syvret Tyler Eckford 40 1 4 0
Penalty Kill - 3 Players Forward
Forward Time % Phy DF OF
1 Shean Donovan 60 1 4 0
2 Cal Clutterbuck 40 1 4 0
Penalty Kill - 3 Players Defense
Defense Defense Time % Phy DF OF
1 Joe Callahan Kevin Klein 60 0 5 0
2 Danny Syvret Tyler Eckford 40 0 5 0
4 vs 4 Forward
Center Wing Time % Phy DF OF
1 Kris Beech Oskar Osala 60 0 2 3
2 John Mitchell Troy Brouwer 40 1 2 2
4 vs 4 Defense
Defense Defense Time % Phy DF OF
1 Tyler Eckford Kevin Klein 60 0 2 3
2 Danny Syvret Jonathan Blum 40 0 3 2
Last Minutes Offensive
Center Left Wing Right Wing Defense Defense
Patrick O'Sullivan Jeff Tambellini Alexander Radulov Joe Callahan Kevin Klein
Last Minutes Defensive
Center Left Wing Right Wing Defense Defense
Kris Beech Jeff Tambellini Shean Donovan Joe Callahan Kevin Klein
Goaltenders
Starting : Justin Pogge
Backup : Todd Ford
Extra Forwards
Normal : Kris Beech, Cal Clutterbuck, Troy Brouwer - PP : Kris Beech, Cal Clutterbuck - PK : Oskar Osala
Extra Defensemen
Normal : Jonathan Blum, Tyler Eckford, Danny Syvret - PP : Tomas Kudelka - PK : Jonathan Blum, Tyler Eckford
Penalty Shots
Nigel Dawes, Jeff Tambellini, Alexander Radulov, Troy Brouwer, Cal Clutterbuck
% Time on Ice - Sasquatch
Lines # - Real PCT - Wanted PCT - Time Play
Normal Forward
1 - 31% - 40% - 13:56
2 - 26% - 30% - 11:41
3 - 25% - 20% - 11:26
4 - 18% - 10% - 8:22
Normal Defense
1 - 40% - 40% - 18:11
2 - 31% - 30% - 13:59
3 - 28% - 20% - 12:39
4 - 1% - 10% - 0:36
PP Forward
1 - 42% - 60% - 1:03
2 - 58% - 40% - 1:27
PP Defense
1 - 50% - 60% - 1:15
2 - 50% - 40% - 1:15
PK Forward
1 - 78% - 60% - 4:35
2 - 22% - 40% - 1:16
PK Defense
1 - 54% - 60% - 3:10
2 - 46% - 40% - 2:41
PK3 Forward
1 - 0% - 60%
2 - 0% - 40%
PK3 Defense
1 - 0% - 60%
2 - 0% - 40%
44 Forward
1 - 73% - 60% - 3:57
2 - 27% - 40% - 1:29
44 Defense
1 - 61% - 60% - 3:20
2 - 39% - 40% - 2:06
Last Minute Offensive - 0:48
Last Minute Defensive - 0:00
Total
Forward - 60:00
Defense - 60:00
|
% Time on Ice - Ice Dragons
Lines # - Real PCT - Wanted PCT - Time Play
Normal Forward
1 - 33% - 40% - 14:54
2 - 25% - 30% - 11:23
3 - 26% - 20% - 11:49
4 - 16% - 10% - 7:19
Normal Defense
1 - 38% - 40% - 17:26
2 - 31% - 30% - 13:53
3 - 18% - 20% - 8:16
4 - 13% - 10% - 5:50
PP Forward
1 - 74% - 60% - 4:18
2 - 26% - 40% - 1:33
PP Defense
1 - 65% - 60% - 3:48
2 - 35% - 40% - 2:03
PK Forward
1 - 64% - 60% - 1:36
2 - 36% - 40% - 0:54
PK Defense
1 - 75% - 60% - 1:53
2 - 25% - 40% - 0:37
PK3 Forward
1 - 0% - 60%
2 - 0% - 40%
PK3 Defense
1 - 0% - 60%
2 - 0% - 40%
44 Forward
1 - 77% - 60% - 4:10
2 - 23% - 40% - 1:16
44 Defense
1 - 83% - 60% - 4:30
2 - 17% - 40% - 0:56
Last Minute Offensive - 0:00
Last Minute Defensive - 0:48
Total
Forward - 60:00
Defense - 60:00
|
Play by Play
1st period
0:01 of 1st period - Patrick O'Sullivan wins face-off versus Derek Stepan in neutral zone.
0:26 of 1st period - Joe Corvo is hit by Cal Clutterbuck and loses puck.
1:11 of 1st period - Wrist shot by Stephane Da Costa.
1:11 of 1st period - Deflect By Cam Atkinson.
1:11 of 1st period - Shot Blocked by Tyler Eckford.
1:11 of 1st period - Puck is out of play.
1:12 of 1st period - John Mitchell wins face-off versus Stephane Da Costa in Ice Dragons zone.
1:12 of 1st period - John Mitchell is hit by Ian Cole.
2:13 of 1st period - Minor Penalty to Nick Leddy for Roughing.
2:14 of 1st period - Patrick O'Sullivan wins face-off versus Tyler Johnson in Sasquatch zone.
2:26 of 1st period - Wrist shot by Jeff Tambellini.
2:26 of 1st period - Goal by Jeff Tambellini - Sasquatch : 0 - Ice Dragons : 1.
2:27 of 1st period - Derek Stepan wins face-off versus Patrick O'Sullivan in neutral zone.
2:54 of 1st period - Nigel Dawes is hit by Brandon Bochenski and loses puck.
3:13 of 1st period - Snap shot by Shean Donovan.
3:13 of 1st period - Stopped by Andrew Raycroft without a rebound.
3:14 of 1st period - Derek Stepan wins face-off versus Marc-Antoine Pouliot in Sasquatch zone.
4:00 of 1st period - Snap shot by Nigel Dawes.
4:00 of 1st period - Stopped by Andrew Raycroft without a rebound.
4:01 of 1st period - Tyler Johnson wins face-off versus Kris Beech in Sasquatch zone.
4:13 of 1st period - Snap shot by Mats Zuccarello.
4:13 of 1st period - Stopped by Justin Pogge without a rebound.
4:14 of 1st period - Patrick O'Sullivan wins face-off versus Derek Stepan in Ice Dragons zone.
4:39 of 1st period - Kevin Klein is hit by Brandon Bochenski and loses puck.
4:53 of 1st period - Minor Penalty to Cal Clutterbuck for Holding Stick.
4:54 of 1st period - D.J King wins face-off versus Shean Donovan in Ice Dragons zone.
6:53 of 1st period - Penalty to Cal Clutterbuck is over, Cal Clutterbuck is back on ice.
7:20 of 1st period - Ian Cole is hit by Patrick O'Sullivan and loses puck.
7:25 of 1st period - Snap shot by Patrick O'Sullivan.
7:25 of 1st period - Stopped by Andrew Raycroft without a rebound.
7:26 of 1st period - Kevin Porter wins face-off versus Cal Clutterbuck in Sasquatch zone.
7:41 of 1st period - Slava Voynov is hit by Cal Clutterbuck and loses puck.
8:04 of 1st period - Slapshot by D.J King.
8:04 of 1st period - Goal by D.J King - Sasquatch : 1 - Ice Dragons : 1.
8:05 of 1st period - Patrick O'Sullivan wins face-off versus Derek Stepan in neutral zone.
8:14 of 1st period - Snap shot by Alexander Radulov.
8:14 of 1st period - Shot Blocked by Joe Corvo.
8:41 of 1st period - Slapshot by Shean Donovan.
8:41 of 1st period - Stopped by Andrew Raycroft with a rebound.
9:43 of 1st period - Joe Corvo is hit by Bryan Bickell and loses puck.
10:25 of 1st period - Snap shot by Oskar Osala.
10:25 of 1st period - Shot Misses the Net.
10:47 of 1st period - Snap shot by Marc-Antoine Pouliot.
10:47 of 1st period - Stopped by Andrew Raycroft without a rebound.
10:48 of 1st period - Derek Stepan wins face-off versus Patrick O'Sullivan in Sasquatch zone.
10:53 of 1st period - Snap shot by Jeff Tambellini.
10:53 of 1st period - Shot Misses the Net.
10:55 of 1st period - Slapshot by Jonathan Blum.
10:55 of 1st period - Shot Blocked by Jake Gardiner.
10:57 of 1st period - Snap shot by Jeff Tambellini.
10:57 of 1st period - Deflect By Patrick O'Sullivan.
10:57 of 1st period - Shot Misses the Net.
10:57 of 1st period - Puck is out of play.
10:58 of 1st period - Patrick O'Sullivan wins face-off versus Derek Stepan in Sasquatch zone.
10:59 of 1st period - Snap shot by Jeff Tambellini.
10:59 of 1st period - Shot Misses the Net.
11:01 of 1st period - Slapshot by Kevin Klein.
11:01 of 1st period - Stopped by Andrew Raycroft with a rebound.
11:03 of 1st period - Slapshot by Jeff Tambellini.
11:03 of 1st period - Shot Blocked by Joe Corvo.
11:05 of 1st period - Slapshot by Jonathan Blum.
11:05 of 1st period - Shot Misses the Net.
11:07 of 1st period - Slapshot by Kevin Klein.
11:07 of 1st period - Stopped by Andrew Raycroft with a rebound.
11:09 of 1st period - Wrist shot by Jeff Tambellini.
11:09 of 1st period - Shot Misses the Net.
11:11 of 1st period - Wrist shot by Alexander Radulov.
11:11 of 1st period - Stopped by Andrew Raycroft with a rebound.
11:13 of 1st period - Slapshot by Jonathan Blum.
11:13 of 1st period - Shot Misses the Net.
11:17 of 1st period - Snap shot by Patrick O'Sullivan.
11:17 of 1st period - Goal by Patrick O'Sullivan - Sasquatch : 1 - Ice Dragons : 2.
11:18 of 1st period - Derek Stepan wins face-off versus Patrick O'Sullivan in neutral zone.
11:21 of 1st period - Jeff Tambellini is hit by D.J King and loses puck.
12:34 of 1st period - Snap shot by D.J King.
12:34 of 1st period - Shot Misses the Net.
12:36 of 1st period - Wrist shot by D.J King.
12:36 of 1st period - Stopped by Justin Pogge with a rebound.
12:38 of 1st period - Snap shot by Jakub Voracek.
12:38 of 1st period - Shot Blocked by Joe Callahan.
12:40 of 1st period - Slapshot by Derek Stepan.
12:40 of 1st period - Shot Misses the Net.
13:22 of 1st period - Tyler Johnson is hit by Nigel Dawes and loses puck.
14:20 of 1st period - Tyler Johnson is hit by Alexander Radulov and loses puck.
14:43 of 1st period - Jakub Voracek is hit by Joe Callahan and loses puck.
15:31 of 1st period - Wrist shot by Alexander Radulov.
15:31 of 1st period - Shot Misses the Net.
15:33 of 1st period - Slapshot by Tomas Kudelka.
15:33 of 1st period - Deflect By Kyle Clifford.
15:33 of 1st period - Stopped by Andrew Raycroft with a rebound.
15:45 of 1st period - Ian Cole is hit by Bryan Bickell.
15:51 of 1st period - Wrist shot by Joe Corvo.
15:51 of 1st period - Stopped by Justin Pogge with a rebound.
16:07 of 1st period - Slapshot by Matt Niskanen.
16:07 of 1st period - Deflect By Cam Atkinson.
16:07 of 1st period - Stopped by Justin Pogge without a rebound.
16:08 of 1st period - Derek Stepan wins face-off versus Patrick O'Sullivan in Ice Dragons zone.
16:13 of 1st period - Wrist shot by Jakub Voracek.
16:13 of 1st period - Shot Blocked by Jonathan Blum.
17:06 of 1st period - Shean Donovan is hit by Kevin Porter and loses puck.
17:19 of 1st period - Matt Niskanen is hit by Joe Callahan.
17:31 of 1st period - Snap shot by Josh Bailey.
17:31 of 1st period - Stopped by Justin Pogge with a rebound.
17:45 of 1st period - Matt Frattin is hit by Bryan Bickell and loses puck.
18:53 of 1st period - Off-side.
18:54 of 1st period - Tyler Johnson wins face-off versus Patrick O'Sullivan in neutral zone.
19:01 of 1st period - Wrist shot by Mats Zuccarello.
19:01 of 1st period - Stopped by Justin Pogge with a rebound.
19:03 of 1st period - Slapshot by Nick Leddy.
19:03 of 1st period - Shot Blocked by Joe Callahan.
19:05 of 1st period - Snap shot by Mats Zuccarello.
19:05 of 1st period - Stopped by Justin Pogge with a rebound.
19:27 of 1st period - Slapshot by Joe Callahan.
19:27 of 1st period - Deflect By Kris Beech.
19:27 of 1st period - Stopped by Andrew Raycroft without a rebound.
19:28 of 1st period - Tyler Johnson wins face-off versus Patrick O'Sullivan in Sasquatch zone.
19:43 of 1st period - Tyler Johnson is hit by Jeff Tambellini and loses puck.
Goals for this period are 1 for Sasquatch vs 2 for Ice Dragons.
Shots for this period are 8 for Sasquatch vs 12 for Ice Dragons.
2nd period
0:01 of 2nd period - Alexander Radulov wins face-off versus Derek Stepan in neutral zone.
0:04 of 2nd period - Wrist shot by Alexander Radulov.
0:04 of 2nd period - Stopped by Andrew Raycroft without a rebound.
0:05 of 2nd period - Patrick O'Sullivan wins face-off versus Derek Stepan in Sasquatch zone.
0:06 of 2nd period - Snap shot by Alexander Radulov.
0:06 of 2nd period - Stopped by Andrew Raycroft with a rebound.
0:08 of 2nd period - Snap shot by Alexander Radulov.
0:08 of 2nd period - Shot Misses the Net.
0:19 of 2nd period - Wrist shot by Jeff Tambellini.
0:19 of 2nd period - Shot Misses the Net.
0:21 of 2nd period - Wrist shot by Jeff Tambellini.
0:21 of 2nd period - Stopped by Andrew Raycroft with a rebound.
0:54 of 2nd period - Snap shot by Oskar Osala.
0:54 of 2nd period - Stopped by Andrew Raycroft with a rebound.
1:05 of 2nd period - Shean Donovan is hit by Kyle Clifford and loses puck.
1:24 of 2nd period - Snap shot by Marc-Antoine Pouliot.
1:24 of 2nd period - Stopped by Andrew Raycroft without a rebound.
1:25 of 2nd period - Tyler Johnson wins face-off versus Patrick O'Sullivan in Sasquatch zone.
1:27 of 2nd period - Double Minor Penalty to Brandon Bochenski for High sticking.
1:28 of 2nd period - Patrick O'Sullivan wins face-off versus Tyler Johnson in Sasquatch zone.
1:31 of 2nd period - Minor Penalty to Kevin Klein for Hooking.
1:32 of 2nd period - Kris Beech wins face-off versus Derek Stepan in Ice Dragons zone.
1:32 of 2nd period - Kris Beech is hit by Jake Gardiner.
1:47 of 2nd period - Snap shot by Derek Stepan.
1:47 of 2nd period - Shot Blocked by Tyler Eckford.
2:13 of 2nd period - Wrist shot by Troy Brouwer.
2:13 of 2nd period - Shot Misses the Net.
3:31 of 2nd period - Penalty to Kevin Klein is over, Kevin Klein is back on ice.
3:48 of 2nd period - Snap shot by Kevin Klein.
3:48 of 2nd period - Stopped by Andrew Raycroft with a rebound.
3:54 of 2nd period - Wrist shot by Kevin Klein.
3:54 of 2nd period - Stopped by Andrew Raycroft with a rebound.
4:04 of 2nd period - Slapshot by Kevin Klein.
4:04 of 2nd period - Shot Blocked by Matt Niskanen.
4:06 of 2nd period - Slapshot by Kevin Klein.
4:06 of 2nd period - Stopped by Andrew Raycroft with a rebound.
4:08 of 2nd period - Wrist shot by John Mitchell.
4:08 of 2nd period - Stopped by Andrew Raycroft with a rebound.
4:20 of 2nd period - Slapshot by Kevin Klein.
4:20 of 2nd period - Shot Hit the Post.
4:34 of 2nd period - Snap shot by Kevin Klein.
4:34 of 2nd period - Goal by Kevin Klein - Sasquatch : 1 - Ice Dragons : 3.
4:35 of 2nd period - Jeff Tambellini wins face-off versus Stephane Da Costa in neutral zone.
5:40 of 2nd period - Kevin Klein is hit by Cam Atkinson and loses puck.
6:19 of 2nd period - Shean Donovan is hit by Derek Stepan and loses puck.
6:32 of 2nd period - D.J King is hit by Cal Clutterbuck and loses puck.
6:55 of 2nd period - Wrist shot by Cam Atkinson.
6:55 of 2nd period - Shot Blocked by Tyler Eckford.
6:57 of 2nd period - Slapshot by Matt Niskanen.
6:57 of 2nd period - Shot Blocked by Tyler Eckford.
7:53 of 2nd period - Wrist shot by Oskar Osala.
7:53 of 2nd period - Shot Blocked by Jake Gardiner.
8:12 of 2nd period - Bryan Bickell is hit by Kyle Clifford and loses puck.
8:19 of 2nd period - Stephane Da Costa is hit by John Mitchell and loses puck.
8:34 of 2nd period - Slapshot by Joe Callahan.
8:34 of 2nd period - Shot Misses the Net.
8:36 of 2nd period - Snap shot by Jeff Tambellini.
8:36 of 2nd period - Shot Blocked by Ian Cole.
8:46 of 2nd period - Ian Cole is hit by Kris Beech and loses puck.
8:59 of 2nd period - Tomas Kudelka is hit by D.J King.
9:09 of 2nd period - Danny Syvret is hit by Cam Atkinson and loses puck.
9:50 of 2nd period - Double Minor Penalty to Nick Leddy for Roughing.
9:51 of 2nd period - Patrick O'Sullivan wins face-off versus Tyler Johnson in Sasquatch zone.
10:04 of 2nd period - D.J King is hit by Alexander Radulov and loses puck.
10:17 of 2nd period - Cal Clutterbuck is hit by Joe Corvo and loses puck.
10:36 of 2nd period - Minor Penalty to Jonathan Blum for Hooking.
10:37 of 2nd period - Derek Stepan wins face-off versus Kris Beech in Ice Dragons zone.
11:20 of 2nd period - Wrist shot by Troy Brouwer.
11:20 of 2nd period - Shot Blocked by Slava Voynov.
11:22 of 2nd period - Snap shot by Troy Brouwer.
11:22 of 2nd period - Stopped by Andrew Raycroft without a rebound.
11:23 of 2nd period - Kris Beech wins face-off versus Derek Stepan in Sasquatch zone.
12:36 of 2nd period - Penalty to Jonathan Blum is over, Jonathan Blum is back on ice.
13:05 of 2nd period - Tyler Johnson is hit by Joe Callahan and loses puck.
13:50 of 2nd period - Penalty to Nick Leddy is over, Nick Leddy is back on ice.
14:00 of 2nd period - Snap shot by Stephane Da Costa.
14:00 of 2nd period - Stopped by Justin Pogge with a rebound.
14:02 of 2nd period - Slapshot by Kyle Clifford.
14:02 of 2nd period - Stopped by Justin Pogge without a rebound.
14:03 of 2nd period - John Mitchell wins face-off versus Stephane Da Costa in Ice Dragons zone.
14:10 of 2nd period - Ian Cole is hit by Bryan Bickell and loses puck.
14:15 of 2nd period - Snap shot by John Mitchell.
14:15 of 2nd period - Shot Misses the Net.
14:17 of 2nd period - Snap shot by Troy Brouwer.
14:17 of 2nd period - Stopped by Andrew Raycroft with a rebound.
14:19 of 2nd period - Snap shot by John Mitchell.
14:19 of 2nd period - Shot Misses the Net.
14:57 of 2nd period - Slapshot by Shean Donovan.
14:57 of 2nd period - Goal by Shean Donovan - Sasquatch : 1 - Ice Dragons : 4.
14:58 of 2nd period - Patrick O'Sullivan wins face-off versus Derek Stepan in neutral zone.
15:07 of 2nd period - Jeff Tambellini is hit by Derek Stepan and loses puck.
15:14 of 2nd period - Snap shot by Jakub Voracek.
15:14 of 2nd period - Deflect By D.J King.
15:14 of 2nd period - Stopped by Justin Pogge without a rebound.
15:15 of 2nd period - Tyler Johnson wins face-off versus Cal Clutterbuck in Ice Dragons zone.
16:09 of 2nd period - Snap shot by Stephane Da Costa.
16:09 of 2nd period - Stopped by Justin Pogge with a rebound.
16:23 of 2nd period - Matt Niskanen is hit by Oskar Osala and loses puck.
16:42 of 2nd period - Oskar Osala is hit by Josh Bailey and loses puck.
16:51 of 2nd period - Wrist shot by Shean Donovan.
16:51 of 2nd period - Stopped by Andrew Raycroft without a rebound.
16:52 of 2nd period - Patrick O'Sullivan wins face-off versus Derek Stepan in Sasquatch zone.
17:45 of 2nd period - Stephane Da Costa is hit by Troy Brouwer and loses puck.
17:57 of 2nd period - Off-side.
17:58 of 2nd period - Derek Stepan wins face-off versus Marc-Antoine Pouliot in neutral zone.
18:11 of 2nd period - Backhand shot by Marc-Antoine Pouliot.
18:11 of 2nd period - Shot Misses the Net.
18:13 of 2nd period - Snap shot by Marc-Antoine Pouliot.
18:13 of 2nd period - Stopped by Andrew Raycroft with a rebound.
19:08 of 2nd period - Slava Voynov is hit by Kevin Klein and loses puck.
19:30 of 2nd period - Oskar Osala is hit by Derek Stepan and loses puck.
19:51 of 2nd period - Jeff Tambellini is hit by Tyler Johnson.
Goals for this period are 0 for Sasquatch vs 2 for Ice Dragons.
Shots for this period are 4 for Sasquatch vs 15 for Ice Dragons.
3rd period
0:01 of 3rd period - Patrick O'Sullivan wins face-off versus Derek Stepan in neutral zone.
0:03 of 3rd period - Off-side.
0:04 of 3rd period - Patrick O'Sullivan wins face-off versus Derek Stepan in neutral zone.
0:11 of 3rd period - Wrist shot by Alexander Radulov.
0:11 of 3rd period - Stopped by Andrew Raycroft with a rebound.
0:15 of 3rd period - Snap shot by Alexander Radulov.
0:15 of 3rd period - Stopped by Andrew Raycroft with a rebound.
0:17 of 3rd period - Snap shot by Patrick O'Sullivan.
0:17 of 3rd period - Stopped by Andrew Raycroft with a rebound.
0:19 of 3rd period - Wrist shot by Alexander Radulov.
0:19 of 3rd period - Stopped by Andrew Raycroft with a rebound.
0:58 of 3rd period - Snap shot by Jake Gardiner.
0:58 of 3rd period - Stopped by Justin Pogge with a rebound.
1:07 of 3rd period - Icing by Joe Corvo.
1:08 of 3rd period - John Mitchell wins face-off versus Stephane Da Costa in Sasquatch zone.
1:11 of 3rd period - Slapshot by Troy Brouwer.
1:11 of 3rd period - Stopped by Andrew Raycroft with a rebound.
1:13 of 3rd period - Snap shot by Alexander Radulov.
1:13 of 3rd period - Deflect By Patrick O'Sullivan.
1:13 of 3rd period - Shot Misses the Net.
1:13 of 3rd period - Puck is out of play.
1:14 of 3rd period - Patrick O'Sullivan wins face-off versus Derek Stepan in Sasquatch zone.
1:30 of 3rd period - Minor Penalty to Slava Voynov for Holding Stick.
1:31 of 3rd period - Patrick O'Sullivan wins face-off versus Tyler Johnson in Sasquatch zone.
1:35 of 3rd period - Wrist shot by Alexander Radulov.
1:35 of 3rd period - Shot Misses the Net.
1:37 of 3rd period - Slapshot by Joe Callahan.
1:37 of 3rd period - Shot Blocked by Joe Corvo.
1:39 of 3rd period - Snap shot by Alexander Radulov.
1:39 of 3rd period - Shot Misses the Net.
1:41 of 3rd period - Snap shot by Alexander Radulov.
1:41 of 3rd period - Deflect By Patrick O'Sullivan.
1:41 of 3rd period - Stopped by Andrew Raycroft without a rebound.
1:42 of 3rd period - Patrick O'Sullivan wins face-off versus Tyler Johnson in Sasquatch zone.
1:49 of 3rd period - Snap shot by Jeff Tambellini.
1:49 of 3rd period - Shot Blocked by Jake Gardiner.
2:01 of 3rd period - Minor Penalty to Jeff Tambellini for Interference.
2:02 of 3rd period - Derek Stepan wins face-off versus Kris Beech in Ice Dragons zone.
2:18 of 3rd period - Snap shot by Kris Beech.
2:18 of 3rd period - Shot Misses the Net.
2:25 of 3rd period - Icing by D.J King.
2:26 of 3rd period - Derek Stepan wins face-off versus Kris Beech in Sasquatch zone.
2:47 of 3rd period - Snap shot by D.J King.
2:47 of 3rd period - Stopped by Justin Pogge with a rebound.
2:49 of 3rd period - Slapshot by Jakub Voracek.
2:49 of 3rd period - Shot Misses the Net.
2:51 of 3rd period - Wrist shot by Ian Cole.
2:51 of 3rd period - Deflect By Jakub Voracek.
2:51 of 3rd period - Stopped by Justin Pogge without a rebound.
2:52 of 3rd period - Kris Beech wins face-off versus Tyler Johnson in Ice Dragons zone.
3:11 of 3rd period - Kris Beech is hit by Jake Gardiner and loses puck.
3:30 of 3rd period - Penalty to Slava Voynov is over, Slava Voynov is back on ice.
4:01 of 3rd period - Penalty to Jeff Tambellini is over, Jeff Tambellini is back on ice.
4:38 of 3rd period - Cal Clutterbuck is hit by Kevin Porter.
4:53 of 3rd period - John Mitchell is hit by Slava Voynov and loses puck.
5:14 of 3rd period - Derek Stepan is hit by Kevin Klein and loses puck.
5:34 of 3rd period - Matt Niskanen is hit by Kris Beech and loses puck.
6:07 of 3rd period - Ian Cole is hit by Danny Syvret and loses puck.
6:26 of 3rd period - Backhand shot by Josh Bailey.
6:26 of 3rd period - Stopped by Justin Pogge without a rebound.
6:27 of 3rd period - Marc-Antoine Pouliot wins face-off versus Jakub Voracek in Ice Dragons zone.
6:27 of 3rd period - Marc-Antoine Pouliot is hit by D.J King.
7:27 of 3rd period - Slapshot by Cam Atkinson.
7:27 of 3rd period - Stopped by Justin Pogge with a rebound.
7:29 of 3rd period - Slapshot by Matt Niskanen.
7:29 of 3rd period - Shot Blocked by Bryan Bickell.
8:00 of 3rd period - Snap shot by Matt Frattin.
8:00 of 3rd period - Shot Misses the Net.
8:02 of 3rd period - Slapshot by Joe Corvo.
8:02 of 3rd period - Deflect By Matt Frattin.
8:02 of 3rd period - Stopped by Justin Pogge with a rebound.
8:32 of 3rd period - Cam Atkinson is hit by Kevin Klein and loses puck.
8:41 of 3rd period - Backhand shot by Alexander Radulov.
8:41 of 3rd period - Stopped by Andrew Raycroft without a rebound.
8:42 of 3rd period - Cal Clutterbuck wins face-off versus Derek Stepan in Sasquatch zone.
8:50 of 3rd period - Minor Penalty to Jakub Voracek for Roughing.
8:51 of 3rd period - Tyler Johnson wins face-off versus Jeff Tambellini in Sasquatch zone.
8:51 of 3rd period - Tyler Johnson is hit by Patrick O'Sullivan.
9:04 of 3rd period - Snap shot by Danny Syvret.
9:04 of 3rd period - Shot Misses the Net.
9:24 of 3rd period - Snap shot by Kris Beech.
9:24 of 3rd period - Shot Misses the Net.
10:27 of 3rd period - Oskar Osala is hit by Tyler Johnson and loses puck.
10:50 of 3rd period - Penalty to Jakub Voracek is over, Jakub Voracek is back on ice.
10:55 of 3rd period - Off-side.
10:56 of 3rd period - John Mitchell wins face-off versus Stephane Da Costa in neutral zone.
10:59 of 3rd period - Slapshot by Jonathan Blum.
10:59 of 3rd period - Shot Misses the Net.
11:21 of 3rd period - Jonathan Blum is hit by Jakub Voracek and loses puck.
12:01 of 3rd period - Snap shot by Mats Zuccarello.
12:01 of 3rd period - Stopped by Justin Pogge with a rebound.
12:03 of 3rd period - Slapshot by Joe Corvo.
12:03 of 3rd period - Shot Blocked by Jeff Tambellini.
12:05 of 3rd period - Snap shot by Brandon Bochenski.
12:05 of 3rd period - Stopped by Justin Pogge with a rebound.
12:07 of 3rd period - Slapshot by Joe Corvo.
12:07 of 3rd period - Stopped by Justin Pogge without a rebound.
12:08 of 3rd period - Derek Stepan wins face-off versus Kris Beech in Ice Dragons zone.
12:09 of 3rd period - Snap shot by Jakub Voracek.
12:09 of 3rd period - Shot Misses the Net.
12:11 of 3rd period - Slapshot by Nick Leddy.
12:11 of 3rd period - Shot Misses the Net.
12:13 of 3rd period - Slapshot by Ian Cole.
12:13 of 3rd period - Stopped by Justin Pogge with a rebound.
12:15 of 3rd period - Slapshot by Nick Leddy.
12:15 of 3rd period - Shot Blocked by Cal Clutterbuck.
12:21 of 3rd period - Snap shot by Jakub Voracek.
12:21 of 3rd period - Shot Hit the Post.
12:23 of 3rd period - Slapshot by Nick Leddy.
12:23 of 3rd period - Stopped by Justin Pogge with a rebound.
12:41 of 3rd period - Wrist shot by Patrick O'Sullivan.
12:41 of 3rd period - Shot Misses the Net.
12:45 of 3rd period - Snap shot by Jeff Tambellini.
12:45 of 3rd period - Shot Blocked by Ian Cole.
13:04 of 3rd period - Slapshot by Shean Donovan.
13:04 of 3rd period - Shot Misses the Net.
13:19 of 3rd period - Jake Gardiner is hit by Troy Brouwer and loses puck.
13:26 of 3rd period - Stephane Da Costa is hit by Troy Brouwer and loses puck.
13:37 of 3rd period - Kyle Clifford is hit by Patrick O'Sullivan and loses puck.
13:58 of 3rd period - Slapshot by Matt Niskanen.
13:58 of 3rd period - Deflect By Kris Beech.
13:58 of 3rd period - Stopped by Justin Pogge without a rebound.
13:59 of 3rd period - Derek Stepan wins face-off versus Kris Beech in Ice Dragons zone.
14:00 of 3rd period - Wrist shot by Jakub Voracek.
14:00 of 3rd period - Goal by Jakub Voracek - Sasquatch : 2 - Ice Dragons : 4.
14:01 of 3rd period - Patrick O'Sullivan wins face-off versus Derek Stepan in neutral zone.
14:04 of 3rd period - Wrist shot by Kevin Klein.
14:04 of 3rd period - Stopped by Andrew Raycroft with a rebound.
14:17 of 3rd period - Icing by Derek Stepan.
14:18 of 3rd period - Derek Stepan wins face-off versus Kris Beech in Sasquatch zone.
14:49 of 3rd period - Slapshot by D.J King.
14:49 of 3rd period - Shot Misses the Net.
14:51 of 3rd period - Slapshot by Joe Corvo.
14:51 of 3rd period - Shot Misses the Net.
15:01 of 3rd period - Snap shot by D.J King.
15:01 of 3rd period - Shot Misses the Net.
15:03 of 3rd period - Wrist shot by Jakub Voracek.
15:03 of 3rd period - Stopped by Justin Pogge with a rebound.
15:05 of 3rd period - Slapshot by Jake Gardiner.
15:05 of 3rd period - Shot Blocked by Kris Beech.
15:07 of 3rd period - Backhand shot by Derek Stepan.
15:07 of 3rd period - Goal by Derek Stepan - Sasquatch : 3 - Ice Dragons : 4.
15:08 of 3rd period - Alexander Radulov wins face-off versus Tyler Johnson in neutral zone.
15:16 of 3rd period - Joe Callahan is hit by Slava Voynov and loses puck.
15:35 of 3rd period - Cam Atkinson is hit by Oskar Osala and loses puck.
15:44 of 3rd period - Slapshot by Jake Gardiner.
15:44 of 3rd period - Shot Blocked by Marc-Antoine Pouliot.
16:26 of 3rd period - Snap shot by Jeff Tambellini.
16:26 of 3rd period - Shot Misses the Net.
16:56 of 3rd period - Derek Stepan is hit by Cal Clutterbuck and loses puck.
17:09 of 3rd period - Slapshot by Ian Cole.
17:09 of 3rd period - Shot Misses the Net.
17:15 of 3rd period - Stephane Da Costa is hit by Jonathan Blum and loses puck.
17:29 of 3rd period - Icing by Nick Leddy.
17:30 of 3rd period - Patrick O'Sullivan wins face-off versus Tyler Johnson in Sasquatch zone.
17:43 of 3rd period - Snap shot by Brandon Bochenski.
17:43 of 3rd period - Shot Misses the Net.
17:45 of 3rd period - Snap shot by Tyler Johnson.
17:45 of 3rd period - Stopped by Justin Pogge without a rebound.
17:46 of 3rd period - Jakub Voracek wins face-off versus Marc-Antoine Pouliot in Ice Dragons zone.
17:47 of 3rd period - Backhand shot by Joe Corvo.
17:47 of 3rd period - Shot Blocked by Marc-Antoine Pouliot.
17:49 of 3rd period - Slapshot by Joe Corvo.
17:49 of 3rd period - Deflect By Derek Stepan.
17:49 of 3rd period - Stopped by Justin Pogge without a rebound.
17:50 of 3rd period - Marc-Antoine Pouliot wins face-off versus Derek Stepan in Ice Dragons zone.
18:59 of 3rd period - Backhand shot by Shean Donovan.
18:59 of 3rd period - Shot Misses the Net.
19:09 of 3rd period - Wrist shot by Oskar Osala.
19:09 of 3rd period - Stopped by Andrew Raycroft with a rebound.
19:11 of 3rd period - Slapshot by Tomas Kudelka.
19:11 of 3rd period - Deflect By Shean Donovan.
19:11 of 3rd period - Deflect By Joe Corvo.
19:11 of 3rd period - Shot Misses the Net.
19:11 of 3rd period - Puck is out of play.
19:12 of 3rd period - Dave Tippett call a timeout for Sasquatch.
19:12 of 3rd period - Derek Stepan wins face-off versus Kris Beech in Sasquatch zone.
19:37 of 3rd period - Slapshot by Jeff Tambellini.
19:37 of 3rd period - Stopped by Andrew Raycroft with a rebound.
19:39 of 3rd period - Snap shot by Jeff Tambellini.
19:39 of 3rd period - Shot Misses the Net.
19:43 of 3rd period - Slapshot by Jeff Tambellini.
19:43 of 3rd period - Shot Misses the Net.
19:45 of 3rd period - Snap shot by Kevin Klein.
19:45 of 3rd period - Shot Misses the Net.
19:47 of 3rd period - Snap shot by Kevin Klein.
19:47 of 3rd period - Shot Blocked by Derek Stepan.
19:49 of 3rd period - Wrist shot by Jeff Tambellini.
19:49 of 3rd period - Stopped by Andrew Raycroft without a rebound.
19:50 of 3rd period - Kris Beech wins face-off versus Derek Stepan in Sasquatch zone.
19:59 of 3rd period - Snap shot by Jeff Tambellini.
19:59 of 3rd period - Stopped by Andrew Raycroft without a rebound.
Goals for this period are 2 for Sasquatch vs 0 for Ice Dragons.
Shots for this period are 17 for Sasquatch vs 12 for Ice Dragons.
Output by the SimonT Hockey Simulator (STHS) for François Prévost -- Original Page W3C XHTML 1.0 Valid